Map: Odyssey LE

Players

Shurkle - Winner!

  • Race: Zerg Zerg
  • League: Diamond
  • Spawn Location: 11:00

Arasul

  • Race: Protoss Protoss
  • League: Diamond
  • Spawn Location: 5:00

VOD

Have the link to the VOD?

Description

Time

  • Played on: Nov. 18, 2017, 6:51 p.m.
  • Length: 14:16
Show
View Real Time Build Order
Export as new Build Order

Shurkle Zerg - Winner!

Build Orders: Hatch First 

Get SALT Encoding   

  12  0:00  Drone  
  13  0:12  Overlord  
  13  0:16  Drone  
  14  0:31  Drone x2  
  14  0:34  Drone  
  17  0:53  Hatchery  
  17  0:56  Drone  
  17  1:00  Drone  
  18  1:13  Extractor  
  17  1:24  Spawning Pool  
  16  1:27  Drone  
  16  1:32  Drone  
  18  1:36  Drone  
  19  1:59  Overlord  
  19  2:10  Queen  
  19  2:11  Queen  
  19  2:13  Zergling x4  
  25  2:16  Drone  
  25  2:19  Drone  
  27  2:23  Drone  
  28  2:30  Metabolic Boost  
  28  2:40  Drone x2  
  28  2:41  Drone x2  
  32  2:54  Pneumatized Carapace  
  32  2:56  Drone x2  
  34  3:03  Drone x2  
  35  3:23  Overlord, Drone, Hatchery  
  35  3:24  Overlord  
  34  3:36  Drone x2  
  36  3:51  Drone x6  
  36  3:54  Queen x2  
  46  4:09  Extractor  
  45  4:10  Extractor  
  44  4:18  Drone  
  44  4:19  Drone x2  
  47  4:32  Zergling x10  
  47  4:35  Overlord x2  
  52  4:44  Zergling x12  
  58  4:55  Zergling x6  
  61  5:01  Zergling x4  
  63  5:11  Zergling x4  
  63  5:12  Zergling x2  
  59  5:30  Queen  
  59  5:34  Zergling x4  
  59  5:35  Zergling x16  
  71  5:43  Spore Crawler  
  71  5:44  Spore Crawler, Lair  
  71  5:49  Evolution Chamber  
  68  5:50  Evolution Chamber  
  67  5:58  Drone x6  
  73  6:09  Baneling Nest  
  73  6:10  Hatchery  
  71  6:24  Zerg Melee Weapons Level 1  
  71  6:25  Zerg Missile Weapons Level 1  
  71  6:26  Drone  
  71  6:27  Drone  
  71  6:28  Overlord x3  
  71  6:29  Overlord x4  
  73  6:42  Overlord x4  
  73  6:46  Zergling x6  
  73  6:47  Zergling x10  
  80  7:03  Baneling x10  
  78  7:12  Baneling  
  78  7:13  Baneling x5  
  78  7:14  Zergling x20  
  77  7:35  Zergling x16  
  74  7:42  Queen  
  73  7:49  Hydralisk Den  
  69  8:01  Drone  
  69  8:02  Drone x7  
  77  8:15  Baneling x4  
  77  8:16  Baneling x4  
  77  8:19  Baneling x2  
  77  8:20  Baneling x5  
  77  8:21  Drone x2  
  77  8:22  Drone x5  
  84  8:27  Extractor  
  84  8:30  Queen  
  84  8:33  Muscular Augments  
  85  8:34  Centrifical Hooks  
  85  8:43  Overlord x3  
  85  8:54  Drone x6  
  85  8:55  Drone  
  92  9:00  Drone  
  93  9:16  Drone x4  
  93  9:17  Drone x4  
  98  9:18  Drone x2  
  103  9:29  Hatchery  
  103  9:30  Overseer  
  102  9:38  Zerg Melee Weapons Level 2  
  102  9:39  Zerg Missile Weapons Level 2  
  102  9:42  Hydralisk x5  
  112  9:56  Extractor  
  111  10:03  Infestation Pit  
  111  10:04  Lurker Den  
  109  10:13  Drone x8  
  109  10:14  Drone x8  
  120  10:16  Zergling x4  
  120  10:17  Zergling x20  
  137  10:33  Overlord x3  
  137  10:36  Hydralisk  
  137  10:37  Hydralisk x5  
  149  10:43  Queen  
  151  10:58  Extractor  
  146  11:06  Zergling x2  
  146  11:07  Zergling x32  
  129  11:14  Zergling x6  
  126  11:20  Zergling x2  
  126  11:21  Zergling x14  
  134  11:28  Zergling x12  
  140  11:34  Zergling x4  
  140  11:35  Zergling x4  
  144  11:42  Zergling x4  
  144  11:43  Zergling x8  
  144  11:46  Zergling x4  
  152  11:56  Zergling x8  
  152  11:57  Zergling x14  
  152  12:00  Hydralisk  
  165  12:02  Baneling x13  
  165  12:03  Baneling x14  
  165  12:10  Hive  
  165  12:13  Zerg Ground Armor Level 1  
  165  12:17  Hydralisk x8  
  165  12:18  Hydralisk  
  154  12:33  Zergling x24  
  154  12:34  Zergling x12  
  165  12:44  Hydralisk x3  
  165  12:45  Hydralisk x4  
  176  13:03  Zergling x4  
  176  13:04  Zergling x24  
  182  13:10  Hydralisk x3  
  185  13:20  Hydralisk  
  185  13:21  Hydralisk  
  189  13:28  Baneling x17  
  189  13:29  Baneling x12  
  189  13:30  Hatchery  
  188  13:40  Extractor  
  187  13:49  Hydralisk  
  187  13:53  Hatchery  
Show
View Real Time Build Order
Export as new Build Order

Arasul Protoss 

Build Orders: 1 Gate Expand 

Get SALT Encoding   

  12  0:02  Probe  
  13  0:14  Probe  
  14  0:22  Pylon  
  14  0:26  Probe  
  15  0:40  Probe  
  16  0:43  Gateway  
  16  0:52  Probe  
  17  1:07  Probe  
  18  1:23  Probe (Chrono Boost)  
  19  1:30  Cybernetics Core  
  19  1:37  Probe (Chrono Boost)  
  19  1:38  Nexus  
  20  1:40  Assimilator  
  20  1:45  Probe (Chrono Boost)  
  21  1:51  Assimilator  
  21  1:56  Pylon  
  21  1:58  Probe  
  22  2:14  Adept  
  24  2:16  Probe (Chrono Boost)  
  25  2:23  Gateway  
  25  2:26  Warp Gate (Chrono Boost)  
  25  2:30  Probe  
  26  2:51  Probe (Chrono Boost), Robotics Facility  
  27  2:54  Adept  
  27  2:57  Probe (Chrono Boost)  
  30  3:12  Probe  
  31  3:14  Probe  
  31  3:17  Sentry  
  34  3:22  Gateway  
  34  3:24  Probe  
  35  3:32  Probe  
  38  3:35  Sentry  
  38  3:38  Pylon  
  38  3:42  Probe  
  39  3:49  Immortal (Chrono Boost)  
  43  3:58  Probe x2  
  45  4:12  Pylon  
  45  4:20  Adept  
  45  4:21  Adept x2  
  45  4:23  Warp Prism (Chrono Boost)  
  53  4:31  Probe x2  
  55  4:40  Pylon  
  55  4:42  Twilight Council  
  55  4:43  Probe  
  56  4:49  Probe  
  57  4:54  Observer  
  58  5:20  Probe x2  
  49  5:22  Adept x3  
  49  5:24  Resonating Glaives (Chrono Boost)  
  49  5:27  Immortal  
  59  5:30  Assimilator x2  
  59  5:40  Probe x2  
  61  5:42  Pylon  
  61  5:57  Adept x3  
  61  6:01  Probe x2  
  61  6:03  Gateway  
  69  6:08  Nexus  
  69  6:11  Pylon  
  69  6:23  Adept x3  
  75  6:40  Forge, Probe  
  75  6:41  Probe  
  75  6:45  Templar Archives  
  77  6:48  Adept x3  
  83  7:14  Adept x3  
  83  7:24  Protoss Ground Weapons Level 1 (Chrono Boost)  
  79  7:34  Probe x2  
  79  7:35  Probe  
  70  7:38  Adept x2  
  70  7:39  Adept  
  72  7:50  Adept  
  66  7:54  Gateway, Shield Battery  
  66  7:58  Shield Battery, Probe x2  
  66  7:59  Probe  
  66  8:04  Adept x3  
  75  8:09  Psionic Storm  
  75  8:10  Probe (Chrono Boost)  
  77  8:13  Stalker  
  77  8:16  Probe (Chrono Boost)  
  80  8:23  Immortal, Probe (Chrono Boost)  
  80  8:26  Probe (Chrono Boost)  
  85  8:30  Stalker  
  85  8:31  Stalker  
  89  8:34  Stalker  
  91  8:48  Adept  
  93  8:50  Probe (Chrono Boost)  
  93  8:52  Assimilator  
  93  8:54  Assimilator  
  96  8:56  Probe x2 (Chrono Boost)  
  96  9:01  High Templar x2  
  101  9:05  Probe (Chrono Boost)  
  101  9:22  Pylon  
  101  9:23  Protoss Ground Weapons Level 2 (Chrono Boost), Pylon  
  101  9:27  Pylon  
  101  9:31  Pylon  
  101  9:34  Pylon  
  101  9:40  Immortal (Chrono Boost), Probe, Adept  
  101  9:42  Adept x4  
  116  9:48  Gateway  
  116  9:49  Gateway  
  116  9:51  Gateway  
  116  9:53  Gateway  
  116  9:55  Probe  
  116  9:56  Probe x2  
  119  10:08  High Templar  
  119  10:09  High Templar  
  119  10:10  Adept x3  
  129  10:18  Nexus  
  129  10:21  Immortal  
  133  10:32  Probe  
  134  10:40  Robotics Facility  
  134  10:42  Adept  
  134  10:43  Adept x2  
  140  10:53  Pylon  
  140  10:54  Pylon  
  140  10:56  Pylon  
  140  11:11  Protoss Ground Weapons Level 3 (Chrono Boost), Adept  
  103  11:12  Adept x5  
  103  11:13  Adept  
  103  11:14  Adept x2  
  119  11:22  Immortal  
  119  11:25  Probe x2  
  125  11:26  Robotics Bay  
  125  11:35  Stalker  
  125  11:36  Stalker  
  125  11:38  Stalker x2  
  125  11:39  Stalker  
  135  11:41  Probe x2  
  135  11:42  Probe  
  138  11:47  High Templar x4  
  138  11:51  Observer  
  146  11:54  High Templar  
  146  11:56  Archon x2  
  146  11:59  Probe x3  
  151  12:02  Assimilator  
  151  12:04  Probe  
  151  12:05  Assimilator, Immortal  
  104  12:36  Adept x5  
  90  12:38  Adept x4  
  90  12:39  Colossus  
  102  12:45  Immortal  
  87  13:12  Adept x5  
  91  13:13  Adept x4  
  101  13:30  Probe  
  108  13:37  High Templar  
  108  13:38  High Templar x2  
  114  13:46  Archon, Adept  
  114  13:47  Nexus, Adept x2  
Tags
 
Add a new tag
Caveats
  • Supply blocks, unpowered buildings, or Contaminate may cause inaccurate times.
  • Supply counts are checked every 10 seconds.